 Dungeon Crawl Stone Soup version 0.29-a0-1008-g949cc1d0fb (webtiles) character file.

Game seed: 6615431456100876552

2 drpainis the Caller (level 1, 13/13 HPs)
             Began as a Merfolk Summoner on Aug 7, 2022.
             Quit the game on level 1 of the Dungeon.
             The game lasted 00:00:27 (425 turns).

drpainis the Caller (Merfolk Summoner)               Turns: 425, Time: 00:00:28

Health: 13/13      AC:  2    Str:  8    XL:     1   Next: 30%
Magic:  3/3        EV: 12    Int: 14    God:
Gold:   0          SH:  0    Dex: 14    Spells: 3/4 levels left

rFire   . . .      SeeInvis .   (no weapon)
rCold   . . .      Faith    .   (no shield)
rNeg    . . .      Spirit   .   a - +0 robe
rPois   .          Reflect  .   (no helmet)
rElec   .          Harm     .   (no cloak)
rCorr   .          Rampage  .   (no gloves)
Will    .....                   (no boots)
Stlth   ++........              (no amulet)
HPRegen 0.04/turn               (no ring)
MPRegen 0.08/turn               (no ring)

@: no status effects
A: (nimble swimmer 2), mertail
a: no special abilities


You were on level 1 of the Dungeon.
You visited 1 branch of the dungeon, and saw 1 of its levels.

Inventory:

Armour
 a - a +0 robe (worn)
Potions
 b - a potion of magic


   Skills:
 + Level 2.7 Dodging
 + Level 2.2 Stealth
 + Level 2.0 Spellcasting
 + Level 4.0 Summonings


You had 3 spell levels left.
You knew the following spells:

 Your Spells              Type           Power      Damage    Failure   Level
a - Summon Small Mammal   Summ           48%        N/A       4%          1

Your spell library contained the following spells:

 Spells                   Type           Power      Damage    Failure   Level
 Call Imp                 Summ           12%        N/A       7%          2
 Call Canine Familiar     Summ           12%        N/A       14%         3
 Summon Guardian Golem    Hex/Summ       7%         N/A       30%         3
 Summon Lightning Spire   Summ/Air       7%         N/A       71%         4


Dungeon Overview and Level Annotations

Branches:
Dungeon (1/15)

Altars:


Innate Abilities, Weirdness & Mutations

((You are very nimble when in or above water. (Stealth+, EV+, Speed+++)))
Your lower body shifts to a powerful aquatic tail in water.


Message History

You completely miss the endoplasm.
The endoplasm is heavily wounded.
Your bat hits the endoplasm.
Your rat completely misses the endoplasm.
The endoplasm freezes you.
You are frozen.
You hit the endoplasm but do no damage.
The endoplasm is severely wounded.
Your bat hits the endoplasm. The endoplasm freezes you.
You are frozen.
Your rat bites the endoplasm.
The endoplasm dies!
Your bat closely misses the frilled lizard.
The frilled lizard bites you but does no damage.
You are too injured to fight recklessly!
Unknown command.
Your rat bites the frilled lizard.
Your bat closely misses the frilled lizard.
Your rat barely misses the frilled lizard.
You closely miss the frilled lizard.
The frilled lizard is heavily wounded.
Your bat hits the frilled lizard.
The frilled lizard dies!
You swap places.
You see here a frilled lizard corpse.
You start resting.
Magic restored.
You start resting.
Your bat disappears in a puff of smoke!
Your rat disappears in a puff of smoke!
HP restored.
You start waiting.
Done waiting.
You start waiting.
Done waiting.
Welcome back, drpainis the Merfolk Summoner.
Press ? for a list of commands and other information.
Okay, then.
Okay, then.
Are you sure you want to abandon this character and quit the game? (Confirm with "yes".)

#######....
#........?.
#..........
#..........
####..........
.............
#..........
##..........
#..÷@.......
#.########.#
#..........#
#..#''##♣.♣#
#.♣#...#
#.♣#.♣.#
#⌠♣#...#
#####'####
#...#..#


There were no monsters in sight!

Vanquished Creatures (collateral kills)
  An endoplasm (D:1)
  A frilled lizard (D:1)
2 creatures vanquished.

Notes
Turn   | Place    | Note
-------+----------+-------------------------------------------
     0 | D:1      | drpainis the Merfolk Summoner began the quest for the Orb.
     0 | D:1      | Reached XP level 1. HP: 13/13 MP: 3/3
   425 | D:1      | Quit the game

Illustrated notes

Levels and vault maps discovered:
D:1:      sevenhm_arrival_forest_fort_small_3, layout_loops_ring

Action                   || total
-------------------------++-------
Melee: Unarmed           ||     4
 Cast: Summon Small Mamm ||     2
Armor: Robe              ||     1
Dodge: Dodged            ||     3

Table legend: (Time is in decaauts)
 A = Elapsed time spent in this place.
 B = Non-inter-level travel time spent in this place.
 C = Inter-level travel time spent in this place.
 D = Time resting spent in this place.
 E = Time spent auto-exploring this place.
 F = Levels seen in this place.
 G = Mean time per level.
                   A        B        C        D        E       F      G
               +--------+--------+--------+--------+--------+-----+--------+
         Total |    425 |    425 |      0 |    394 |     13 |   1 |  425.0 |
       Dungeon |    425 |    425 |      0 |    394 |     13 |   1 |  425.0 |
               +--------+--------+--------+--------+--------+-----+--------+

Top non-repeatable levels by time:
     D:1: 425 daAuts
